cohdb
Replays
Latest Replays
All Replays
Popular Replays
Top Player Replays
Match Explorer
How It Works
Community
CoH3 Stats
Reddit
Sign in to upload your games and track your stats! →
Sign in with Steam
Match 36359942
Unlisted
Match 36359942
Overview
Messages
Build Orders
End
Selects Advanced Infantry Battlegroup
Engineer Squad
Construct Barracks
Scout Squad
Riflemen Squad
Riflemen Squad
Riflemen Squad
Infantry Support Center
Construct Weapon Support Center
Selects Artillery Observers
M3 Armored Personnel Carrier
Construct Medical Station
Selects Convert to Ranger Squad
Sniper
Convert to Ranger Squad
Construct Tank Depot
M4A1 Sherman Medium Tank
Convert to Ranger Squad
M4A1 Sherman Medium Tank
Selects M2A1 105mm Howitzer Emplacement
Selects Designate Assault Position
Advanced Logistics
Engineer Squad
M18 Hellcat Tank Destroyer
Convert to Ranger Squad
.30 cal Machine Gun
M4A1 Sherman Medium Tank
M4A1 Sherman Medium Tank
M1919 Machine Gun Team
M4(105) Sherman Bulldozer
.30 cal Machine Gun
Ranger Squad
Selects Ranger Weapon Training
Old Dirty Bastard
matrix4x4
0
0
Comments
sign in to comment!
No comments posted yet!